 Dungeon Crawl Stone Soup version 0.31-a0-198-g2ad674f65e (webtiles) character file.

Game seed: 15360975014808882402

327 qw the Skirmisher (level 6, -2/35 HPs)
             Began as a Deep Elf Hunter on June 25, 2023.
             Slain by a gnoll
             ... wielding a +0 club
              (4 damage)
             ... on level 4 of the Dungeon.
             The game lasted 00:01:12 (2842 turns).

qw the Skirmisher (Deep Elf Hunter)                 Turns: 2842, Time: 00:01:12

Health: -2/35      AC: 10    Str: 10    XL:     6   Next: 24%
Magic:  8/8        EV: 11    Int: 14    God:
Gold:   196        SH:  0    Dex: 18    Spells: 5/5 levels left

rFire   . . .        Y - +0 shortbow
rCold   . . .        (shield currently unavailable)
rNeg    . . .        a - +0 ring mail
rPois   .            (no helmet)
rElec   .            (no cloak)
rCorr   .            h - +0 pair of gloves
SInv    +            (no boots)
Will    .....        (no amulet)
Stlth   +            f - +4 ring of protection
HPRegen 0.25/turn    j - ring of see invisible
MPRegen 0.11/turn

%: no passive effects
@: no status effects
A: no striking features
a: no special abilities


You were on level 4 of the Dungeon.
You visited 1 branch of the dungeon, and saw 4 of its levels.

You collected 196 gold pieces.


   Skills:
 - Level 2.0 Fighting
 + Level 9.7 Ranged Weapons
 - Level 2.4 Dodging
 - Level 1.2 Stealth


You had 5 spell levels left.
You didn't know any spells.
Your spell library was empty.

Inventory:

Hand Weapons
 Y - a +0 shortbow (weapon)
Armour
 a - a +0 ring mail (worn)
 h - a +0 pair of gloves (worn)
Jewellery
 f - a +4 ring of protection (left hand)
 j - a ring of see invisible (right hand)
Scrolls
 d - a scroll of identify
Potions
 b - a potion of might
 c - a potion of mutation {unknown}
 e - 3 potions of curing

Dungeon Overview and Level Annotations

Branches:
Dungeon (4/15)
 Temple: D:4-7

Altars:

Annotations:
D:2 1 runed translucent door, Crazy Yiuf


Message History

Natasha is moderately wounded.
The cerulean imp hits you but does no damage.
Natasha misses you.
The cerulean imp hits you but does no damage.
The gnoll hits you but does no damage. Natasha claws you but does no damage.
The cerulean imp hits you from afar with a +2 spear.
You shoot an arrow. The arrow barely misses Natasha.
The cerulean imp hits you but does no damage.
The gnoll hits you with a +0 club.
The cerulean imp hits you but does no damage.
Natasha misses you.
The cerulean imp hits you but does no damage.
You shoot an arrow. The arrow hits Natasha.
Natasha is severely wounded.
The gnoll hits you but does no damage.
The cerulean imp hits you but does no damage.
Natasha claws you.
The cerulean imp hits you from afar with a +1 spear.
You shoot an arrow. The arrow closely misses Natasha.
The cerulean imp disappears in a puff of smoke!
The gnoll hits you but does no damage.
Natasha stares at you and mumbles some strange words.
The magic dart hits you. The cerulean imp barely misses you.
You shoot an arrow. The arrow hits Natasha!
You kill Natasha!
You hear a faint echoing roar filled with hate and sorrow!
The cerulean imp disappears in a puff of smoke!
The gnoll barely misses you.
You shoot an arrow. The arrow hits the gnoll.
The gnoll is heavily wounded.
The gnoll hits you but does no damage.
You shoot an arrow.
The arrow hits the gnoll but does no damage.
The gnoll is heavily wounded.
The gnoll barely misses you.
You shoot an arrow.
The arrow hits the gnoll but does no damage.
The gnoll is heavily wounded.
The gnoll hits you with a +0 club.
You die...

####
.......:.....#...#...#
.............#'########
........##'#..........#
........#..#..........#
#.......#..#..........#
#.......'..#..........#
+.......#..#..........#
#.......##'#..%.......#
#####....#@########'###
#....#g)...... ..
#....#..).....
#....#........
#....###.###.. ......
.# . ....... .. ...


You could see a gnoll.

Vanquished Creatures
  A scorpion (D:4)
  2 orc priests (D:2)
  Natasha (D:4)
  9 gnolls
  An adder (D:4)
  A dart slug (D:4)
  5 orcs
  9 ball pythons
  3 bats
  8 endoplasms
  3 giant cockroaches
  7 goblins
  6 hobgoblins
  6 jackals
  2 quokkas
  3 frilled lizards
  6 kobolds
  12 rats
85 creatures vanquished.

Notes
Turn   | Place    | Note
-------+----------+-------------------------------------------
     0 | D:1      | qw the Deep Elf Hunter began the quest for the Orb.
     0 | D:1      | Reached XP level 1. HP: 12/12 MP: 3/3
     0 | D:1      | 0 ||| qw: Version: 0.3-a-22-g0ed2b0b
     0 | D:1      | 0 ||| qw: Game counter: 5149
     0 | D:1      | 0 ||| qw: Melee chars always use a shield: true
     0 | D:1      | 0 ||| qw: God list: Okawaru
     0 | D:1      | 0 ||| qw: Allow faded altars: false
     0 | D:1      | 0 ||| qw: Do Orc after clearing Dungeon:15 true
     0 | D:1      | 0 ||| qw: Do second Lair branch before Depths: true
     0 | D:1      | 0 ||| qw: Lair rune preference: random
     0 | D:1      | 0 ||| qw: Goals: Normal
     0 | D:1      | 0 ||| PLANNING D:1-11
    26 | D:1      | Found a faded altar of an unknown god.
   157 | D:1      | 157 ||| FLEEEEING.
   160 | D:1      | Reached XP level 2. HP: 15/16 MP: 4/4
   161 | D:1      | Reached skill level 6 in Ranged Weapons
   161 | D:1      | 161 ||| FLEEEEING.
   613 | D:1      | Reached XP level 3. HP: 20/20 MP: 5/5
   799 | D:1      | 799 ||| UPGRADING to +4 ring of protection.
   800 | D:1      | 800 ||| UPGRADING to ring of see invisible.
   801 | D:1      | 801 ||| READING scroll labelled XOMMEZ HEBLAIMUGG.
   802 | D:1      | 802 ||| READING scroll labelled RULOM WIXZIU.
   803 | D:1      | 803 ||| READING scroll labelled FIFEBUSU AXYSK.
   804 | D:1      | 804 ||| READING scroll labelled UDUFEKHLO OKHLAC.
   805 | D:1      | 805 ||| DRINKING 3 smoky puce potions.
   806 | D:1      | 806 ||| DROPPING scroll of butterflies.
  1092 | D:2      | Reached skill level 7 in Ranged Weapons
  1409 | D:2      | Found a runed translucent door.
  1410 | D:2      | Noticed Crazy Yiuf
  1559 | D:2      | 1559 ||| UPGRADING to +0 pair of gloves.
  1564 | D:2      | 1564 ||| DROPPING +6 ring of intelligence.
  1565 | D:2      | 1565 ||| READING 2 scrolls labelled EGROUV YSEO.
  1566 | D:2      | 1566 ||| READING 2 scrolls labelled WOASU HAYNO.
  1567 | D:2      | 1567 ||| READING scroll labelled MEAZISU COTUOSEIB.
  1568 | D:2      | 1568 ||| DROPPING scroll of amnesia.
  1569 | D:2      | 1569 ||| DROPPING scroll of immolation.
  1571 | D:2      | 1571 ||| Stepping ~*~*~tactically~*~*~ (cloud).
  1574 | D:2      | HP: 5/20 [poisoned by you (poison gas)]
  1578 | D:2      | HP: 2/20 [poisoned by you (poison gas)]
  1696 | D:3      | 1696 ||| STAIRDANCE
  1702 | D:2      | Reached XP level 4. HP: 23/25 MP: 6/6
  1770 | D:3      | 1770 ||| STAIRDANCE
  1842 | D:2      | 1842 ||| UPGRADING to +0 ring mail.
  1852 | D:2      | 1852 ||| DROPPING +0 leather armour.
  1891 | D:3      | 1891 ||| STAIRDANCE
  1896 | D:2      | Reached skill level 8 in Ranged Weapons
  2064 | D:3      | Identified the +7 war axe of Anxiety {drain, +Blink Int-4
                  | Dex+5}
  2357 | D:3      | Reached XP level 5. HP: 29/29 MP: 7/7
  2584 | D:3      | 2584 ||| READING 2 scrolls of identify.
  2584 | D:3      | 2584 ||| IDENTIFYING amethyst potion
  2624 | D:4      | Reached skill level 9 in Ranged Weapons
  2696 | D:4      | Reached XP level 6. HP: 26/35 MP: 8/8
  2818 | D:4      | Noticed Natasha
  2837 | D:4      | HP: 6/35 [cerulean imp/+1 spear[Natasha] (5)]
  2838 | D:4      | HP: 1/35 [Natasha/magic dart (6)]
  2839 | D:4      | Killed Natasha
  2842 | D:4      | Slain by a gnoll

Levels and vault maps discovered:
D:1:      minmay_arrival_semitransparent, layout_basic, basic_ecumenical_altar,
          minivault_5, amcnicky_mini_corridor_feature, nicolae_the_louvre
D:2:      layout_loops_ring, uniq_crazy_yiuf_cottage
D:3:      layout_basic
D:4:      layout_gridville, uniq_natasha, uniq_duvessa

Skill      XL: |  1  2  3  4  5 |
---------------+----------------+-----
Ranged Weapons | 6 7 8 9 |  9.7
Fighting       | 2 |  2.0
Dodging        | |  2.4
Stealth        | |  1.2

Action                     |  1- 3 |  4- 6 || total
---------------------------+-------+-------++-------
   Fire: Shortbow          |   127 |   146 ||   273
    Use: Scroll            |     7 |     1 ||     8
         Potion            |     1 |       ||     1
 Armour: Leather armour    |    21 |     1 ||    22
         Ring mail         |       |    41 ||    41
  Dodge: Dodged            |    27 |    58 ||    85

Table legend:
 A = Non-vault XP
 B = Vault XP
 C = Vault XP percentage of total XP
 D = Non-vault monster count
 E = Vault monster count
 F = Vault count percentage of total count
                 A         B        C        D         E       F
            +---------+---------+-------+---------+---------+-------
      Total |     431 |      37 |   7.9 |      84 |       1 |   1.2
            +---------+---------+-------+---------+---------+-------
        D:1 |      43 |       0 |   0.0 |      26 |       0 |   0.0
        D:2 |     122 |       0 |   0.0 |      24 |       0 |   0.0
        D:3 |      92 |       0 |   0.0 |      24 |       0 |   0.0
        D:4 |     174 |      37 |  17.5 |      10 |       1 |   9.1
            +---------+---------+-------+---------+---------+-------
